Map: [ESL] Goldenaura

Players

Wayne

  • Race: Zerg Zerg
  • Spawn Location: 12:00

Harstem - Winner!

  • Race: Protoss Protoss
  • Spawn Location: 5:00

Event: ESL SC2 Masters 2024 Spring (Regional)

VOD

Have the link to the VOD?

Description

Time

  • Played on: April 25, 2024, 9:28 a.m.
  • Length: 7:56

All games in this series

Show
View Real Time Build Order
Export as new Build Order

Wayne Zerg 

Build Orders: Pool First 

Get SALT Encoding   

  12  0:17  Spawning Pool  
  11  0:22  Drone  
  11  0:26  Drone  
  13  0:31  Drone  
  14  0:40  Overlord  
  14  1:04  Zergling x4  
  16  1:05  Zergling x2  
  17  1:15  Zergling x2  
  18  1:26  Zergling x2  
  19  1:37  Zergling x2  
  20  1:49  Zergling x2  
  21  1:56  Hatchery  
  21  1:57  Queen  
  21  1:58  Overlord  
  20  2:10  Zergling x2  
  18  2:20  Zergling x2  
  18  2:33  Queen  
  18  2:35  Drone  
  20  2:42  Drone  
  21  2:54  Drone  
  22  3:03  Drone  
  23  3:06  Drone x2  
  23  3:08  Queen  
  23  3:09  Drone, Queen  
  30  3:14  Zergling x2  
  30  3:19  Overlord  
  31  3:22  Drone  
  32  3:28  Drone, Extractor  
  31  3:34  Zergling x2  
  31  3:39  Drone x2  
  34  3:41  Drone  
  34  3:42  Drone  
  34  3:44  Drone  
  34  3:47  Drone  
  37  3:52  Drone x2  
  39  3:58  Overlord  
  39  4:00  Drone  
  39  4:02  Drone  
  41  4:05  Drone  
  42  4:17  Hatchery  
  39  4:24  Drone x3  
  39  4:27  Drone  
  39  4:29  Drone  
  39  4:30  Drone  
  44  4:32  Drone  
  44  4:35  Drone  
  46  4:40  Queen  
  48  4:47  Overlord  
  48  4:48  Drone x2  
  50  4:54  Overlord  
  50  4:56  Zergling x2  
  50  4:58  Spore Crawler  
  50  5:06  Evolution Chamber, Drone x2  
  51  5:13  Metabolic Boost  
  51  5:20  Drone x2  
  51  5:23  Drone x4  
  51  5:26  Spore Crawler, Drone  
  51  5:28  Queen  
  55  5:33  Extractor  
  56  5:36  Drone  
  56  5:37  Zerg Melee Weapons Level 1  
  56  5:38  Drone  
  56  5:42  Spore Crawler x2  
  56  5:43  Drone  
  56  5:45  Drone  
  58  5:51  Drone  
  58  5:54  Drone x8  
  67  6:01  Drone x2  
  66  6:05  Spore Crawler  
  66  6:06  Drone x2  
  67  6:12  Overlord  
  67  6:16  Drone  
  66  6:18  Baneling Nest  
  63  6:26  Drone x3  
  63  6:28  Drone  
  63  6:30  Drone  
  68  6:35  Zergling x8  
  68  6:36  Hatchery  
  71  6:41  Lair  
  71  6:44  Drone x2  
  71  6:45  Overlord  
  74  6:47  Zergling x4  
  74  6:50  Zergling x4  
  74  6:51  Zergling x2  
  78  6:54  Zergling x6  
  78  6:58  Zergling x2  
  78  7:00  Overlord  
  82  7:06  Overlord x2  
  82  7:07  Overlord  
  82  7:13  Overlord  
  81  7:16  Zergling x2  
  81  7:19  Zergling x10  
  85  7:24  Zergling x8  
  85  7:29  Roach Warren  
  88  7:30  Zergling x2  
  88  7:34  Zergling x8  
  90  7:37  Zergling x6  
Show
View Real Time Build Order
Export as new Build Order

Harstem Protoss - Winner!

Build Orders: 1 Gate Expand 

Get SALT Encoding   

  12  0:00  Probe  
  13  0:12  Probe  
  14  0:17  Pylon  
  14  0:24  Probe  
  15  0:35  Gateway  
  15  0:38  Probe (Chrono Boost)  
  16  0:47  Probe (Chrono Boost)  
  17  0:51  Assimilator  
  17  0:52  Probe (Chrono Boost)  
  19  1:04  Probe  
  19  1:19  Nexus  
  19  1:29  Cybernetics Core  
  20  1:38  Assimilator  
  20  1:43  Zealot (Chrono Boost)  
  20  2:02  Pylon  
  20  2:07  Adept (Chrono Boost)  
  20  2:08  Probe  
  20  2:20  Probe  
  21  2:32  Probe  
  21  2:33  Probe  
  21  2:34  Adept (Chrono Boost)  
  25  2:44  Probe  
  25  2:45  Probe  
  25  2:49  Assimilator  
  27  2:57  Probe, Adept  
  30  3:00  Probe  
  31  3:07  Warp Gate  
  31  3:09  Probe (Chrono Boost)  
  33  3:16  Pylon  
  33  3:18  Probe (Chrono Boost)  
  34  3:20  Probe (Chrono Boost)  
  34  3:25  Probe x2 (Chrono Boost)  
  36  3:35  Probe (Chrono Boost)  
  36  3:36  Probe (Chrono Boost)  
  36  3:39  Stargate  
  38  3:47  Adept  
  42  3:48  Probe (Chrono Boost)  
  42  3:53  Probe (Chrono Boost)  
  42  3:56  Probe (Chrono Boost)  
  42  4:00  Probe (Chrono Boost)  
  42  4:02  Gateway  
  44  4:03  Probe  
  44  4:07  Pylon  
  45  4:11  Probe  
  45  4:15  Probe  
  47  4:22  Oracle (Chrono Boost)  
  47  4:23  Probe  
  48  4:27  Probe  
  48  4:30  Nexus  
  50  4:35  Probe  
  51  4:39  Probe  
  51  4:40  Assimilator  
  51  4:45  Pylon  
  52  4:46  Shield Battery  
  52  4:48  Probe  
  52  4:49  Oracle (Chrono Boost)  
  52  4:50  Assimilator  
  56  4:54  Probe  
  57  5:00  Twilight Council  
  57  5:01  Probe  
  57  5:05  Pylon  
  59  5:10  Gateway x2  
  59  5:12  Probe  
  59  5:14  Probe  
  60  5:19  Oracle (Chrono Boost)  
  60  5:24  Probe  
  60  5:25  Pylon  
  60  5:26  Probe  
  65  5:31  Blink (Chrono Boost)  
  65  5:36  Probe  
  65  5:38  Probe  
  65  5:41  Forge  
  67  5:45  Probe  
  67  5:48  Probe  
  69  5:51  Stalker x2  
  69  5:53  Probe  
  75  6:04  Stalker  
  75  6:05  Stalker  
  75  6:06  Probe  
  75  6:07  Probe  
  75  6:10  Probe, Gateway  
  75  6:11  Gateway  
  81  6:18  Probe  
  82  6:19  Probe  
  82  6:21  Stalker x2  
  88  6:29  Stalker x2  
  88  6:30  Probe  
  88  6:31  Probe  
  88  6:32  Pylon  
  93  6:33  Probe  
  94  6:40  Pylon  
  94  6:42  Probe  
  94  6:44  Stalker x2  
  99  6:51  Pylon  
  99  6:54  Stalker x2  
  99  6:55  Probe  
  99  6:56  Assimilator  
  99  6:58  Assimilator, Probe  
  105  7:04  Probe  
  105  7:07  Probe  
  107  7:10  Stalker x4  
  107  7:14  Pylon  
  116  7:19  Stalker x2  
  116  7:20  Probe  
  116  7:22  Pylon  
  120  7:31  Pylon  
  116  7:38  Stalker x4  
  123  7:49  Stalker x2  
Tags
 
Add a new tag
Caveats
  • Supply blocks, unpowered buildings, or Contaminate may cause inaccurate times.
  • Supply counts are checked every 10 seconds.